NYP
CINCINNATI (NYP) REDS @ STATE COLLEGE SPIKES
08/20/2048
 
TOP OF THE 1ST
Cincinnati (NYP) Reds batting - Pitching for State College Spikes : RHP Eric Hudson
Pitching: RHP Eric Hudson
Batting: RHB Jon Marquez 0-0: Ball
1-0: Ball
2-0: Ball
3-0: Called Strike
3-1: DOUBLE (Groundball, 5L, EV 101.9 MPH)
Batting: SHB Kristian Kristensen 0-0: Fly out, F6 (Popup, 15, EV 88.8 MPH)
Batting: RHB Randy Grewe 0-0: Called Strike
Jon Marquez steals 3rd base
0-1: Ball
1-1: Ball
2-1: Foul Ball, location: 2F
2-2: Ball
3-2: Strikes out swinging
Batting: SHB Cesar Pelayo 0-0: Ball
1-0: Ground out 4-3 (Groundball, 4D, EV 103.1 MPH)
Top of the 1st over - 0 runs, 1 hit, 0 errors, 1 left on base; Cincinnati (NYP) 0 - State College 0
BOTTOM OF THE 1ST
State College Spikes batting - Pitching for Cincinnati (NYP) Reds : LHP Brett Grijalva
Pitching: LHP Brett Grijalva
Batting: RHB Bobby Miles 0-0: Called Strike
0-1: Foul Ball, location: 2F
0-2: Foul Ball, location: 2F
0-2: SINGLE (Groundball, 6D, EV 102.5 MPH)
Batting: LHB Ken Compton 0-0: Ball
1-0: Fielders Choice at 2nd, 3-6 (Groundball, 3, EV 109.4 MPH)
Batting: RHB Ricky Yerzy 0-0: Called Strike
Ken Compton steals 2nd base
0-1: Swinging Strike
0-2: Ball
1-2: Foul Ball, location: 2F
1-2: Strikes out swinging
Batting: RHB Sam Daw 0-0: Ball
1-0: Foul Ball, location: 2F
1-1: Foul Ball, location: 2F
1-2: Strikes out looking
Bottom of the 1st over - 0 runs, 1 hit, 0 errors, 1 left on base; Cincinnati (NYP) 0 - State College 0
TOP OF THE 2ND
Cincinnati (NYP) Reds batting - Pitching for State College Spikes : RHP Eric Hudson
Batting: SHB Tim Utz 0-0: Called Strike
0-1: Ball
1-1: DOUBLE (Line Drive, 78D, EV 105.6 MPH)
Batting: RHB Tony Diaz 0-0: Ball
1-0: Ball
2-0: Foul Ball, location: 2F
2-1: Foul Ball, location: 2F
2-2: Fly out, F8 (Flyball, 8LD, EV 83.8 MPH)
Batting: RHB R.J. Romberg 0-0: Foul Ball, location: 2F
0-1: Called Strike
0-2: Ball
1-2: Ball
2-2: Strikes out swinging
Batting: RHB Yasusaburo Kuwahara 0-0: Called Strike
0-1: Hit by Pitch
Batting: LHB Akira Yamano 0-0: Ball
Wild Pitch!
Tim Utz to third
Yasusaburo Kuwahara to second
1-0: Foul Ball, location: 2F
1-1: Ball
2-1: Swinging Strike
2-2: Ball
3-2: Base on Balls
Batting: RHB Jon Marquez 0-0: Called Strike
0-1: Foul Ball, location: 2F
0-2: Strikes out swinging
Top of the 2nd over - 0 runs, 1 hit, 0 errors, 3 left on base; Cincinnati (NYP) 0 - State College 0
BOTTOM OF THE 2ND
State College Spikes batting - Pitching for Cincinnati (NYP) Reds : LHP Brett Grijalva
Batting: RHB Nelson Salamanca 0-0: Ball
1-0: Called Strike
1-1: Foul Ball, location: 2F
1-2: Ball
2-2: SINGLE (Line Drive, 3L, EV 108.8 MPH)
Batting: SHB Bobby Mercado 0-0: Foul Ball, location: 2F
0-1: Swinging Strike
0-2: Strikes out looking
Batting: LHB Ken Morehead Pickoff Throw to First - Out! 1-3
0-0: Called Strike
0-1: Called Strike
0-2: Strikes out swinging
Bottom of the 2nd over - 0 runs, 1 hit, 0 errors, 0 left on base; Cincinnati (NYP) 0 - State College 0
TOP OF THE 3RD
Cincinnati (NYP) Reds batting - Pitching for State College Spikes : RHP Eric Hudson
Batting: SHB Kristian Kristensen 0-0: Called Strike
0-1: Called Strike
0-2: Foul Ball, location: 2F
0-2: Ground out U3 (Groundball, 3, EV 85.0 MPH)
Batting: RHB Randy Grewe 0-0: Called Strike
0-1: Swinging Strike
0-2: Ball
1-2: Foul Ball, location: 2F
1-2: Ball
2-2: Ball
3-2: DOUBLE (Line Drive, 78XD, EV 103.8 MPH)
Batting: SHB Cesar Pelayo 0-0: Called Strike
0-1: Ball
1-1: Ball
2-1: Called Strike
2-2: Strikes out looking
Batting: SHB Tim Utz 0-0: Ball
1-0: Swinging Strike
1-1: Swinging Strike
1-2: Ball
2-2: Ground out 4-3 (Groundball, 4, EV 106.2 MPH)
Top of the 3rd over - 0 runs, 1 hit, 0 errors, 1 left on base; Cincinnati (NYP) 0 - State College 0
BOTTOM OF THE 3RD
State College Spikes batting - Pitching for Cincinnati (NYP) Reds : LHP Brett Grijalva
Batting: RHB Ben Politi 0-0: Called Strike
0-1: Called Strike
0-2: Strikes out looking
Batting: RHB Mario Carbajal 0-0: Ball
1-0: Foul Ball, location: 2F
1-1: Ground out 6-3 (Groundball, 6M, EV 81.2 MPH)
Batting: RHB Bobby Miles 0-0: Ball
1-0: Foul Ball, location: 2F
1-1: Ball
2-1: SINGLE (Groundball, 34S, EV 96.2 MPH)
Batting: LHB Ken Compton 0-0: Foul Ball, location: 2F
0-1: Ball
1-1: Ball
2-1: Foul Ball, location: 2F
2-2: Ball
3-2: Strikes out swinging
Bottom of the 3rd over - 0 runs, 1 hit, 0 errors, 1 left on base; Cincinnati (NYP) 0 - State College 0
TOP OF THE 4TH
Cincinnati (NYP) Reds batting - Pitching for State College Spikes : RHP Eric Hudson
Batting: RHB Tony Diaz 0-0: Ball
1-0: Called Strike
1-1: SINGLE (Groundball, 34D, EV 105.6 MPH)
Batting: RHB R.J. Romberg 0-0: Ball
1-0: Foul Ball, location: 2F
1-1: SINGLE (Groundball, 34, EV 97.5 MPH)
Tony Diaz to second
Runner from 2nd tries for 3rd, SAFE, throw by RF made to third
Batting: RHB Yasusaburo Kuwahara 0-0: Grounds into double play, 6-4-3 (Groundball, 6, EV 85.0 MPH)
Tony Diaz scores
Batting: LHB Akira Yamano 0-0: Called Strike
0-1: Ball
1-1: Foul Ball, location: 2F
1-2: Foul Ball, location: 2F
1-2: Foul Ball, location: 2F
1-2: Foul Ball, location: 2F
1-2: Strikes out swinging
Top of the 4th over - 1 run, 2 hits, 0 errors, 0 left on base; Cincinnati (NYP) 1 - State College 0
BOTTOM OF THE 4TH
State College Spikes batting - Pitching for Cincinnati (NYP) Reds : LHP Brett Grijalva
Batting: RHB Ricky Yerzy 0-0: Called Strike
0-1: Foul Ball, location: 2F
0-2: Foul Ball, location: 2F
0-2: Foul Ball, location: 2F
0-2: Ball
1-2: SINGLE (Groundball, 6MD, EV 107.5 MPH)
Batting: RHB Sam Daw 0-0: Ball
1-0: Called Strike
Ricky Yerzy is caught stealing 2nd base 2-4
1-1: Ball
2-1: Ball
3-1: Called Strike
3-2: DOUBLE (Groundball, 5D, EV 103.8 MPH)
Batting: RHB Nelson Salamanca 0-0: Ball
Sam Daw steals 3rd base
1-0: Swinging Strike
1-1: Ball
2-1: Ground out 6-3 (Groundball, 6, EV 78.1 MPH)
Sam Daw scores
Batting: SHB Bobby Mercado 0-0: Called Strike
0-1: Called Strike
0-2: Foul Ball, location: 2F
0-2: Strikes out looking
Bottom of the 4th over - 1 run, 2 hits, 0 errors, 0 left on base; Cincinnati (NYP) 1 - State College 1
TOP OF THE 5TH
Cincinnati (NYP) Reds batting - Pitching for State College Spikes : RHP Eric Hudson
Batting: RHB Jon Marquez 0-0: Ball
1-0: Swinging Strike
1-1: DOUBLE (Flyball, 89XD, EV 96.2 MPH)
Batting: SHB Kristian Kristensen 0-0: Called Strike
Jon Marquez steals 3rd base
0-1: Ball
1-1: Ball
2-1: Fly out, F6 (Popup, 4MD, EV 73.8 MPH)
Batting: RHB Randy Grewe 0-0: Foul Ball, location: 2F
0-1: Ground out 5-3 (Groundball, 56, EV 101.9 MPH)
Jon Marquez scores
Batting: SHB Cesar Pelayo 0-0: Called Strike
0-1: Ball
1-1: Foul Ball, location: 2F
1-2: Ball
2-2: Foul Ball, location: 2F
2-2: Foul Ball, location: 2F
2-2: Strikes out swinging
Top of the 5th over - 1 run, 1 hit, 0 errors, 0 left on base; Cincinnati (NYP) 2 - State College 1
BOTTOM OF THE 5TH
State College Spikes batting - Pitching for Cincinnati (NYP) Reds : LHP Brett Grijalva
Batting: LHB Ken Morehead 0-0: Ball
1-0: Foul Ball, location: 2F
1-1: Ground out 4-3 (Groundball, 4, EV 80.6 MPH)
Batting: RHB Ben Politi 0-0: Ball
1-0: Ball
2-0: Swinging Strike
2-1: Ball
3-1: Foul Ball, location: 2F
3-2: Strikes out looking
Batting: RHB Mario Carbajal 0-0: Ball
1-0: Called Strike
1-1: Called Strike
1-2: Foul Ball, location: 2F
1-2: Ball
2-2: Ground out 6-3 (Groundball, 6, EV 86.9 MPH)
Bottom of the 5th over - 0 runs, 0 hits, 0 errors, 0 left on base; Cincinnati (NYP) 2 - State College 1
TOP OF THE 6TH
Cincinnati (NYP) Reds batting - Pitching for State College Spikes : RHP Eric Hudson
Pitching: RHP Alex Apolinar
Batting: SHB Tim Utz 0-0: Fly out, F7 (Flyball, 7, EV 83.8 MPH)
Batting: RHB Tony Diaz 0-0: Called Strike
0-1: Called Strike
0-2: Strikes out swinging
Batting: RHB R.J. Romberg 0-0: Ball
1-0: Ball
2-0: Ground out 3-1 (Groundball, 34, EV 91.2 MPH)
Top of the 6th over - 0 runs, 0 hits, 0 errors, 0 left on base; Cincinnati (NYP) 2 - State College 1
BOTTOM OF THE 6TH
State College Spikes batting - Pitching for Cincinnati (NYP) Reds : LHP Brett Grijalva
Batting: RHB Bobby Miles 0-0: Swinging Strike
0-1: Called Strike
0-2: Foul Ball, location: 2F
0-2: Strikes out swinging
Batting: LHB Ken Compton 0-0: Swinging Strike
0-1: Foul Ball, location: 2F
0-2: Ball
1-2: Strikes out swinging
Batting: RHB Ricky Yerzy 0-0: Ball
1-0: Ball
2-0: Called Strike
2-1: Foul Ball, location: 2F
2-2: Ball
3-2: SINGLE (Line Drive, 89S, EV 108.8 MPH)
Batting: RHB Sam Daw 0-0: Ball
Ricky Yerzy steals 2nd base
1-0: Foul Ball, location: 2F
1-1: Ball
2-1: Swinging Strike
2-2: Foul Ball, location: 2F
2-2: Strikes out swinging
Bottom of the 6th over - 0 runs, 1 hit, 0 errors, 1 left on base; Cincinnati (NYP) 2 - State College 1
TOP OF THE 7TH
Cincinnati (NYP) Reds batting - Pitching for State College Spikes : RHP Alex Apolinar
Batting: RHB Yasusaburo Kuwahara 0-0: SINGLE (Line Drive, 9LS, EV 103.1 MPH)
Batting: LHB Akira Yamano 0-0: Ball
1-0: Foul Ball, location: 2F
1-1: Called Strike
1-2: Foul Ball, location: 2F
1-2: Foul Ball, location: 2F
1-2: Grounds into double play, 4-6-3 (Groundball, 4M, EV 96.2 MPH)
Batting: RHB Jon Marquez 0-0: Ball
1-0: Ball
2-0: Ball
3-0: Swinging Strike
3-1: Base on Balls
Batting: SHB Kristian Kristensen 0-0: Ball
Jon Marquez is caught stealing 2nd base 2-6
Top of the 7th over - 0 runs, 1 hit, 0 errors, 0 left on base; Cincinnati (NYP) 2 - State College 1
BOTTOM OF THE 7TH
State College Spikes batting - Pitching for Cincinnati (NYP) Reds : LHP Brett Grijalva
Batting: RHB Nelson Salamanca 0-0: Ball
1-0: Ball
2-0: Called Strike
2-1: Foul Ball, location: 2F
2-2: Hit by Pitch
Batting: SHB Bobby Mercado 0-0: Sac Bunt to 2L - play at first, batter OUT! 2-3
Nelson Salamanca to second
Pitching: RHP Ace Gaskins
Batting: LHB Ken Morehead 0-0: Foul Ball, location: 2F
0-1: Ball
1-1: Ball
2-1: Ball
3-1: Base on Balls
Pinch Hitting: LHB Jorge Zarazua 0-0: Reached on error, E4 (Groundball, 4, EV 88.1 MPH)
Nelson Salamanca to third
Ken Morehead to second
Pinch Hitting: SHB Devin Hottenstein 0-0: Called Strike
0-1: GRAND SLAM HOME RUN (Flyball, 9D, EV 96.9 MPH), Distance : 373 ft
Pitching: RHP Lee Durbin
Batting: RHB Bobby Miles 0-0: Ground out 5-3 (Groundball, 56S, EV 88.8 MPH)
Batting: LHB Ken Compton 0-0: Ball
1-0: Fly out, F8 (Flyball, 78D, EV 99.4 MPH)
Bottom of the 7th over - 4 runs, 1 hit, 1 error, 0 left on base; Cincinnati (NYP) 2 - State College 5
TOP OF THE 8TH
Cincinnati (NYP) Reds batting - Pitching for State College Spikes : RHP Alex Apolinar
Now at 3B: Nick Latulippe
Now in RF: Fekadu Alhaadi
Batting: SHB Kristian Kristensen 0-0: TRIPLE (Flyball, 89XD, EV 95.0 MPH)
Batting: RHB Randy Grewe 0-0: Ball
1-0: Ball
2-0: Called Strike
2-1: Ball
3-1: Base on Balls
Batting: SHB Cesar Pelayo 0-0: Foul Ball, location: 2F
0-1: Ball
1-1: Foul Ball, location: 2F
1-2: Strikes out looking
Batting: SHB Tim Utz 0-0: Ball
1-0: Foul Ball, location: 2F
1-1: Fly out, F9 (Flyball, 8RM, EV 81.9 MPH)
Pinch Hitting: LHB Matthew Berry 0-0: Called Strike
0-1: Foul Ball, location: 2F
0-2: Ball
1-2: Ground out 6-3 (Groundball, P, EV 78.1 MPH)
Top of the 8th over - 0 runs, 1 hit, 0 errors, 2 left on base; Cincinnati (NYP) 2 - State College 5
BOTTOM OF THE 8TH
State College Spikes batting - Pitching for Cincinnati (NYP) Reds : RHP Lee Durbin
Now in CF: Jason Pirkle
Now in RF: R.J. Romberg
Batting: RHB Ricky Yerzy 0-0: Ball
1-0: Foul Ball, location: 2F
1-1: Ball
2-1: Ground out 5-3 (Groundball, 56, EV 105.0 MPH)
Batting: RHB Sam Daw 0-0: Called Strike
0-1: Ball
1-1: Swinging Strike
1-2: Ball
2-2: Ball
3-2: Base on Balls
Batting: RHB Nelson Salamanca 0-0: Ball
Sam Daw steals 2nd base
1-0: Foul Ball, location: 2F
1-1: Fly out, F8 (Flyball, 8RM, EV 78.8 MPH)
Batting: SHB Bobby Mercado 0-0: Fly out, F8 (Flyball, 8RD, EV 95.6 MPH)
Bottom of the 8th over - 0 runs, 0 hits, 0 errors, 1 left on base; Cincinnati (NYP) 2 - State College 5
TOP OF THE 9TH
Cincinnati (NYP) Reds batting - Pitching for State College Spikes : RHP Alex Apolinar
Pitching: LHP Daniel Aguayo
Batting: RHB R.J. Romberg 0-0: Ball
1-0: Ball
2-0: Called Strike
2-1: Called Strike
2-2: Foul Ball, location: 2F
2-2: Strikes out swinging
Batting: RHB Yasusaburo Kuwahara 0-0: Ball
1-0: SINGLE (Groundball, 4D, EV 99.4 MPH)
Pinch Hitting: RHB David Clough 0-0: Ball
1-0: SINGLE (Groundball, 4D, EV 102.5 MPH)
Yasusaburo Kuwahara to second
Batting: RHB Jon Marquez 0-0: Ball
1-0: Ball
2-0: Fielders Choice at 2nd, 5-4 (Groundball, 5S, EV 90.0 MPH)
Yasusaburo Kuwahara to third
Batting: SHB Kristian Kristensen 0-0: Called Strike
0-1: Ball
1-1: Swinging Strike
1-2: Strikes out swinging
Top of the 9th over - 0 runs, 2 hits, 0 errors, 2 left on base; Cincinnati (NYP) 2 - State College 5
Tuesday, March 28th , 2023 - OOTP Baseball 23.10 Build 110